 Dungeon Crawl Stone Soup version 0.28.0 (webtiles) character file.

Game seed: 5333817180697662350

2978 pkoi the Destroyer (level 9, -5/62 HPs)
             Began as a White Draconian Conjurer on Feb 11, 2022.
             Slain by a two-headed ogre (11 damage)
             ... on level 8 of the Dungeon.
             The game lasted 00:13:29 (10440 turns).

pkoi the Destroyer (White Draconian Conjurer)      Turns: 10440, Time: 00:13:29

Health: -5/62      AC:  9    Str: 10    XL:     9   Next: 53%
Magic:  6/17       EV: 12    Int: 23    God:
Gold:   336        SH:  0    Dex:  9    Spells: 7/19 levels left

rFire   . . .      SeeInvis .   l - staff of conjuration
rCold   + . .      Faith    .   (no shield)
rNeg    . . .      Spirit   .   (armour unavailable)
rPois   .          Reflect  .   (helmet restricted)
rElec   .          Harm     .   n - +1 cloak
rCorr   .          Rampage  .   (no gloves)
Will    .....                   (no boots)
Stlth   ++........              (no amulet)
HPRegen 0.20/turn               (no ring)
MPRegen 0.15/turn               (no ring)

@: no status effects
A: breathe frost, AC +7, unfitting armour, cold resistance 1, cold-blooded
a: Breathe Frost


You were on level 8 of the Dungeon.
You visited 1 branch of the dungeon, and saw 8 of its levels.

You collected 336 gold pieces.

Inventory:

Hand Weapons
 j - a +3 dagger of venom
 q - the +5 arbalest "Pilaziur" {venom, rF+ Str-4 Stlth+}
   (You found it on level 4 of the Dungeon)

   Any ammunition fired from it poisons the flesh of those it strikes.
   Str:       It affects your strength (-4).
   rF:        It protects you from fire.
   Stlth:     It makes you more stealthy.
Missiles
 t - a throwing net
 v - 45 bolts
Armour
 i - a scarf of invisibility
 n - a +1 cloak (worn)
Magical Staves
 l - a staff of conjuration (weapon)
Jewellery
 d - a ring of fire
 f - an amulet of reflection
 r - a ring of protection from fire
Scrolls
 c - 5 scrolls of teleportation
 k - 2 scrolls of summoning
 m - a scroll of amnesia
 p - a scroll of enchant armour
 u - a scroll of holy word
Potions
 a - a potion of resistance
 b - 3 potions of curing
 e - a potion of haste
 g - a potion of heal wounds {unknown}
 h - 3 potions of cancellation
 o - 3 potions of brilliance {unknown}
 s - a potion of lignification
 w - a potion of attraction {unknown}


   Skills:
 - Level 1.7 Dodging
 - Level 1.7 Stealth
 + Level 5.9 Spellcasting
 + Level 9.2 Conjurations
 + Level 3.1 Summonings
 + Level 6.5 Translocations
 + Level 3.6 Evocations


You had 7 spell levels left.
You knew the following spells:

 Your Spells              Type           Power      Damage    Failure   Level
a - Magic Dart            Conj           100%       1d8       1%          1
b - Searing Ray           Conj           100%       2d8       1%          2
c - Iskenderun's Mystic   Conj/Tloc      59%        2d12      3%          4
d - Summon Forest         Summ/Tloc      14%        N/A       32%         5

Your spell library contained the following spells:

 Spells                   Type           Power      Damage    Failure   Level
 Dazzling Flash           Conj/Hex       84%        N/A       3%          3
 Pain                     Necr           24%        1d5       9%          1
 Fulminant Prism          Conj/Hex       21%        3d13      13%         4
 Summon Mana Viper        Hex/Summ       14%        N/A       77%         5
 Agony                    Necr           6%         N/A       94%         5
 Excruciating Wounds      Necr           3%         N/A       94%         5
 Summon Cactus Giant      Summ           10%        N/A       98%         6


Dungeon Overview and Level Annotations

Branches:
Dungeon (8/15)             Temple (0/1) D:7
   Lair: D:8-11

Altars:
Ashenzari
Nemelex Xobeh
Uskayaw
Vehumet
Yredelemnul

Shops:
D:1 ((   D:4 =

Annotations:
D:4 2 transporters, Jingleheimer's ghost, amateur MiGl
D:7 exclusion: statue, Maggie


Innate Abilities, Weirdness & Mutations

You can breathe waves of freezing cold which knock back foes.
Your icy white scales are hard. (AC +7)
You cannot fit into any form of body armour.
Your flesh is cold resistant. (rC+)
You are cold-blooded and may be slowed by cold attacks.


Message History

Confirm with . or Enter, or press ? or * to list all spells.
Aiming: Searing Ray (safe; 1% risk of failure)
Press: ? - help, Shift-Dir - straight line, f - two-headed ogre
Aim: a two-headed ogre, wielding a +0 giant club and a +0 vorpal dire flail (92% to hit)
You feel a surge of power!
The searing ray hits the two-headed ogre!
The two-headed ogre is lightly wounded. (Press . to maintain the ray.)
The two-headed ogre misses you.
The two-headed ogre hits you with a +0 vorpal dire flail.
* * * LOW HITPOINT WARNING * * *
x2 The searing ray hits the two-headed ogre.
The two-headed ogre is moderately wounded.
The searing ray hits the two-headed ogre.
The two-headed ogre is moderately wounded.
The two-headed ogre closely misses you.
The two-headed ogre hits you with a +0 vorpal dire flail.
* * * LOW HITPOINT WARNING * * *
x2 Unknown command.
Casting: Searing Ray (safe; 1% risk of failure)
Confirm with . or Enter, or press ? or * to list all spells.
You feel a surge of power!
You erupt in a blast of force!
The mystic blast hits the two-headed ogre!
The two-headed ogre is heavily wounded.
The two-headed ogre is knocked back by the mystic blast.
Unknown command.
Casting: Iskenderun's Mystic Blast (dangerous; 3% risk of failure)
Confirm with . or Enter, or press ? or * to list all spells.
Aiming: Searing Ray (safe; 1% risk of failure)
Press: ? - help, Shift-Dir - straight line, f/p - two-headed ogre
Aim: a two-headed ogre, wielding a +0 giant club and a +0 vorpal dire flail (heavily wounded, 92% to hit)
You feel a surge of power!
The searing ray hits the two-headed ogre!
The two-headed ogre is severely wounded. (Press . to maintain the ray.)
The searing ray misses the two-headed ogre.
The two-headed ogre hits you with a +0 giant club!!
* * * LOW HITPOINT WARNING * * *
The two-headed ogre hits you with a +0 vorpal dire flail!
You die...

###### .....
###.#.# .
...#.##
#.###....## #
..........#.#
#...........#
.....<......#
####...@O..##
#......##
.........##
........##
####..### #..
#.. ...


You could see a two-headed ogre.

Vanquished Creatures
  Grinder (D:5)
  Edmund (D:5)
  2 water moccasins (D:7)
  2 sky beasts
  3 orc warriors
  An ice beast (D:6)
  A necrophage (D:2)
  3 ogres
  2 phantoms (D:5)
  A kobold brigand (D:7)
  A bullfrog (D:7)
  2 scorpions
  2 gnoll sergeants (D:7)
  A wyvern zombie (D:7)
  A water moccasin zombie (D:4)
  A howler monkey (D:4)
  A centaur zombie (D:6)
  4 hounds
  4 orc priests
  Crazy Yiuf (D:5)
  A centaur skeleton (D:5)
  A bullfrog skeleton (D:6)
  Terence (D:3)
  9 orc wizards
  2 hound skeletons
  10 gnolls
  6 adders
  An adder skeleton (D:5)
  2 worms (D:2)
  A dart slug (D:4)
  17 orcs
  An endoplasm (D:2)
  3 giant cockroaches
  10 goblins
  6 hobgoblins
  16 kobolds
  6 quokkas
  10 ball pythons
  5 bats
  3 frilled lizards (D:1)
  8 rats
  A spectral orc (D:7)
155 creatures vanquished.

Notes
Turn   | Place    | Note
-------+----------+-------------------------------------------
     0 | D:1      | pkoi the Draconian Conjurer began the quest for the Orb.
     0 | D:1      | Reached XP level 1. HP: 14/14 MP: 3/3
   152 | D:1      | Found Dailonycei's Weapon Emporium.
   315 | D:1      | Reached XP level 2. HP: 20/20 MP: 1/5
   458 | D:1      | Found a faded altar of an unknown god.
   686 | D:1      | Learned a level 2 spell: Searing Ray
   757 | D:1      | Found Xamajisoicw's Weapon Emporium.
  1080 | D:1      | Reached skill level 5 in Conjurations
  1155 | D:2      | Reached XP level 3. HP: 26/26 MP: 4/6
  1463 | D:2      | Found a broken altar of Ashenzari.
  1747 | D:2      | Noticed a necrophage
  1846 | D:2      | Killed a necrophage
  1847 | D:2      | Reached skill level 6 in Conjurations
  1847 | D:2      | Reached XP level 4. HP: 33/33 MP: 0/7
  2098 | D:2      | Learned a level 4 spell: Iskenderun's Mystic Blast
  2104 | D:2      | Found a hide-covered altar of Uskayaw.
  2410 | D:2      | Reached XP level 5. HP: 38/38 MP: 4/8
  3025 | D:3      | Reached skill level 1 in Translocations
  3775 | D:3      | Noticed Terence
  3780 | D:3      | Killed Terence
  4221 | D:4      | Reached XP level 6. HP: 45/45 MP: 5/9
  4430 | D:4      | Reached skill level 7 in Conjurations
  4585 | D:4      | Found a transporter.
  4640 | D:4      | Found Malekk's Jewellery Boutique.
  4687 | D:4      | Noticed Jingleheimer's ghost (amateur MiGl)
  4692 | D:4      | Found a transporter.
  4721 | D:4      | Identified the +5 arbalest "Pilaziur" {venom, rF+ Str-4
                  | Stlth+}
  4855 | D:4      | Identified a scroll of acquirement
  4855 | D:4      | Acquired a staff of conjuration
  4911 | D:4      | Found a sparkling altar of Nemelex Xobeh.
  5183 | D:4      | Your scales start taking on an icy white colour.
  5183 | D:4      | Reached XP level 7. HP: 45/50 MP: 3/11
  5183 | D:4      | Gained mutation: Your flesh is cold resistant. (rC+) [White
                  | Draconian growth]
  5606 | D:5      | Entered Level 5 of the Dungeon
  5854 | D:5      | Noticed Grinder
  5882 | D:5      | Killed Grinder
  6255 | D:5      | Reached skill level 8 in Conjurations
  6255 | D:5      | Reached XP level 8. HP: 51/57 MP: 4/14
  6615 | D:5      | Reached skill level 5 in Translocations
  6740 | D:5      | Noticed Edmund
  6786 | D:5      | Killed Edmund
  7154 | D:5      | Found a runed translucent door.
  7155 | D:5      | Noticed Crazy Yiuf
  7240 | D:5      | Killed Crazy Yiuf
  7586 | D:5      | Reached skill level 1 in Evocations
  7753 | D:6      | Learned a level 5 spell: Summon Forest
  7773 | D:6      | Reached skill level 5 in Spellcasting
  7876 | D:6      | Reached skill level 1 in Summonings
  8399 | D:6      | Reached XP level 9. HP: 62/62 MP: 10/16
  9148 | D:7      | Reached skill level 9 in Conjurations
  9577 | D:7      | Found a radiant altar of Vehumet.
  9656 | D:7      | Found a basalt altar of Yredelemnul.
 10265 | D:7      | Found a staircase to the Ecumenical Temple.
 10265 | D:7      | Noticed Maggie
 10294 | D:7      | Noticed a nameless horror
 10314 | D:8      | Noticed a two-headed ogre
 10440 | D:8      | Slain by a two-headed ogre

Illustrated notes

Levels and vault maps discovered:
D:1:      enne_arrival_octagon_isle, layout_basic, serial_shops, shop,
          nicolae_shop_stone, hellmonk_ecumenical_altar_inner_sanctum
D:2:      layout_loops_corners, basic_altar, minmay_hexomino_r4
D:3:      layout_loops_corners, uniq_terence
D:4:      layout_loops_cross, nemelex_diamond_rough_becter,
          gammafunk_ghost_arena, serial_shops, shop_statue, minmay_distorted
D:5:      layout_basic, uniq_crazy_yiuf_cottage, uniq_grinder, uniq_edmund
D:6:      layout_rooms
D:7:      layout_basic, yredelemnul_forgotten_temple_becter, vehumet_statue,
          minmay_temple_entry_antechambers, serial_shops, nicolae_stop_n_shop_1,
          uniq_maggie
D:8:      layout_loops_ring, grunt_gozag_statues, mainiacjoe_overflow_chevrons,
          enter_bailey_5, uniq_psyche

Skill      XL: |  1  2  3  4  5  6  7  8  9 |
---------------+----------------------------+-----
Conjurations   | 5 6 7 8 9 |  9.2
Translocations | 2 3 4 5 6 |  6.5
Spellcasting   | 4 5 |  5.9
Evocations     | 2 3 |  3.6
Summonings     | 1 3 |  3.1
Dodging        | |  1.7
Stealth        | |  1.7

Action                   |  1- 3 |  4- 6 |  7- 9 || total
-------------------------+-------+-------+-------++-------
Melee: Unarmed           |    15 |       |       ||    15
       Punch             |     1 |       |     1 ||     2
       Dagger            |    20 |     9 |       ||    29
       Tailslap          |     3 |       |     3 ||     6
       Staff             |       |       |    32 ||    32
 Cast: Magic Dart        |    61 |    78 |    57 ||   196
       Searing Ray       |     2 |     9 |    52 ||    63
       Iskenderun's Myst |       |       |     2 ||     2
 Abil: Breathe Frost     |       |       |     5 ||     5
  Use: Scroll            |     8 |     3 |     8 ||    19
Armor: Skin              |    18 |     6 |    42 ||    66
Dodge: Dodged            |    33 |     6 |    73 ||   112
